 Dungeon Crawl Stone Soup version 0.18-a0-998-gcb3fcb1 (webtiles) character file.

119852 Duffy the Bludgeoner (level 16, -1/85 HPs)
             Began as a Vine Stalker Fighter on Jan 5, 2016.
             Was the Champion of Cheibriados.
             Slain by a tengu reaver
             ... wielding a +0 glaive
              (6 damage)
             ... on level 13 of the Dungeon.
             The game lasted 00:49:55 (23695 turns).

Duffy the Bludgeoner (Vine Stalker Fighter)        Turns: 23695, Time: 00:49:55

Health: -1/85      AC: 24    Str: 37    XL:     16   Next: 80%
Magic:  0/23       EV: 16    Int: 25    God:    Cheibriados [******]
Gold:   2034       SH: 20    Dex: 31    Spells: 0 memorised, 15 levels left

rFire  + + .     SeeInvis .     a - +5 eveningstar (holy)
rCold  + . .     Gourm    .     n - +2 plate armour {MR+}
rNeg   . . .     Faith    .     z - +2 shield {rF+}
rPois  .         Spirit   +     N - +0 hat of Raevet {rElec rF+}
rElec  +         Dismiss  .     v - +0 cloak
rCorr  +         Reflect  .     B - +2 pair of gloves
SustAt +         Harm     .     R - +2 pair of boots
MR     ++++.                    I - amulet of resist corrosion
Stlth  ..........               S - ring of the Lizard {SustAt rC+}
                                j - ring of protection from magic

@: drained, very slow, incredibly resistant to hostile enchantments, extremely
unstealthy
A: fangs 3, regeneration 3, magic shield, antimagic bite, no device heal 3, rot
immunity
a: Bend Time, Temporal Distortion, Slouch, Step From Time, Renounce Religion


You were on level 13 of the Dungeon.
You worshipped Cheibriados.
Cheibriados was exalted by your worship.
You were not hungry.

You visited 4 branches of the dungeon, and saw 24 of its levels.
You also visited: Labyrinth, Bailey, Ice Cave and Volcano.

You collected 3463 gold pieces.
You spent 1429 gold pieces at shops.


Innate Abilities, Weirdness & Mutations

You have razor-sharp teeth.
You regenerate.
When hurt, damage is shared between your health and your magic reserves.
Your bite disrupts and absorbs the magic of your enemies.
Potions and wands cannot restore your health.
You are immune to rotting.


   Skills:
 + Level 10.0(9.9) Fighting
 - Level 16.0(15.9) Maces & Flails
 + Level 9.1(9.0) Armour
 + Level 7.3(7.2) Dodging
 - Level 15.5(15.4) Shields
 - Level 8.0(7.9) Invocations


You had 15 spell levels left.
You didn't know any spells.

Inventory:

Hand Weapons
 a - a +5 eveningstar of holy wrath (weapon)
 b - a +0 blowgun
Missiles
 q - 5 throwing nets (quivered)
 r - 12 curare-tipped needles
Armour
 n - a +2 plate armour of magic resistance (worn)
 v - a +0 cloak (worn)
 z - a +2 shield of fire resistance (worn)
 B - a +2 pair of gloves (worn)
 N - the +0 hat of Raevet (worn) {rElec rF+}

   It protects you from fire.
   It insulates you from electricity.
 R - a +2 pair of boots (worn)
Jewellery
 j - a ring of protection from magic (left hand)
 m - the ring "Tabaus" {Fire rPois Dex+4}

   [ring of fire]

   It enhances your fire magic, and weakens your ice magic.
   It affects your dexterity (+4).
   It protects you from fire.
   It makes you vulnerable to cold.
   It protects you from poison.
 I - an amulet of resist corrosion (around neck)
 J - an uncursed ring of positive energy
 S - the ring of the Lizard (right hand) {SustAt rC+}

   [ring of sustain attributes]

   It sustains your strength, intelligence and dexterity.
   It protects you from cold.
 Y - an uncursed ring of protection from cold
Wands
 c - a wand of teleportation (4/9)
 l - a wand of fire (5/15)
 y - a wand of fire (4/15)
 M - a wand of teleportation (4/9)
 O - a wand of disintegration (8/24)
Scrolls
 i - 3 scrolls of fog
 p - 2 scrolls of silence
 s - 7 scrolls of teleportation
 t - 2 scrolls of brand weapon
 w - 3 scrolls of magic mapping
 A - 9 scrolls of remove curse
 F - 3 scrolls of recharging
 G - 7 scrolls of enchant armour
 V - a scroll of holy word
 X - 2 scrolls of fear
Potions
 d - 8 potions of might
 e - 10 potions of curing
 g - 2 potions of cancellation
 x - 2 potions of brilliance
 D - 2 potions of cure mutation
 E - 2 potions of invisibility
 L - 5 potions of agility
 P - 3 potions of resistance
 T - 3 potions of flight
Comestibles
 f - 11 bread rations
 k - 8 meat rations
 u - 8 beef jerkies
 C - 71 fruits
 K - a slice of pizza
 W - a royal jelly

Dungeon Overview and Level Annotations

Branches:
Dungeon (13/15)            Temple (1/1) D:4            Lair (8/8) D:8
 Shoals (0/4) Lair:6        Snake (0/4) Lair:5        Slime (0/6) Lair:8
    Orc (2/2) D:12            Elf (0/3) Orc:2
 Vaults: D:13-14

Altars:
Ashenzari
Cheibriados
Dithmenos
Elyvilon
Fedhas
Gozag
Kikubaaqudgha
Makhleb
Nemelex Xobeh
Okawaru
Pakellas
Qazlal
Ru
Sif Muna
Trog
Vehumet
Xom
Yredelemnul
Zin
The Shining One
Beogh

Shops:
D:4 (   D:7 (   D:10 *   D:13 ?   Orc:1 (?   Orc:2 :*:!

Annotations:
Lair:1 exclusion: ice statue


Message History

The tengu reaver claws you but does no damage.
You closely miss the tengu reaver. The tengu reaver blocks your attack.
The tengu reaver is almost dead.
You block the fire elemental's attack. You block the tengu reaver's attack.
You miss the tengu reaver. You bite the tengu reaver.
The tengu reaver's magic leaks into the air.
You drain its magic.
You feel invigorated.
The tengu reaver is almost dead.
You block the fire elemental's attack. The tengu reaver misses you.
The tengu reaver pecks you but does no damage.
You block the tengu reaver's attack. The tengu reaver blocks your attack.
You bite the tengu reaver, but do no damage.
The tengu reaver is almost dead.
You block the fire elemental's attack. You block the tengu reaver's attack.
The tengu reaver gestures at you while chanting.
The bolt of lightning misses you.
The bolt of lightning misses the fire elemental.
The battlesphere fires!
The barrage of energy hits you!
You pound the tengu reaver like an anvil!!!
You kill the tengu reaver!
Cheibriados thoroughly appreciates the change of pace.
Your base Fighting skill increases to level 10!
The battlesphere dissipates.
The fire elemental hits you. The fire elemental burns you! You resist.
You puncture the fire elemental!
You destroy the fire elemental!
Cheibriados thoroughly appreciates the change of pace.
Cheibriados raises the support of your attributes as your movement slows.
You block the tengu reaver's attack.
The tengu reaver points at you and mumbles some strange words.
The bolt of magma hits you! You partially resist.
The battlesphere fires!
The barrage of energy hits you!
The tengu reaver hits you with a glaive!
You die...

~~########~~~......#
~~# #~~~~.....# ~~#
#~~~~~....## ~##
##~~~~.....# ##
##~~~~....# # .
####*....# ...
#~%)..# .....#Q)...#
#......@)..#
#..........#
.....#~~.0.#
.....#~....#
..####~....# .#
~~....# ~~.....# ~~
~~....## ~~


You could see a tengu reaver and a battlesphere.

Action                   |  1- 3 |  4- 6 |  7- 9 | 10-12 | 13-15 | 16-18 || total
-------------------------+-------+-------+-------+-------+-------+-------++-------
Melee: Flail             |    83 |   226 |   173 |   528 |       |       ||  1010
       Morningstar       |       |       |    71 |       |       |       ||    71
       Dire flail        |       |       |       |   164 |    57 |       ||   221
       Eveningstar       |       |       |       |       |  1041 |   428 ||  1469
Invok: Slouch            |       |       |       |     2 |     4 |     8 ||    14
  Use: Scroll            |       |       |     9 |    10 |    18 |     6 ||    43
       Potion            |       |       |       |       |     2 |       ||     2
 Stab: Paralysed         |       |       |       |     1 |       |       ||     1
  Eat: Chunk             |       |     7 |     4 |    12 |    19 |     8 ||    50
       Beef jerky        |       |     1 |       |       |       |       ||     1
       Royal jelly       |       |       |       |     2 |       |       ||     2

Notes
Turn   | Place    | Note
--------------------------------------------------------------
     0 | D:1      | Duffy the Vine Stalker Fighter began the quest for the Orb.
     0 | D:1      | Reached XP level 1. HP: 11/11 MP: 2/2
     8 | D:1      | Reached skill level 2 in Maces & Flails
    78 | D:1      | Reached XP level 2. HP: 16/16 MP: 3/3
   255 | D:2      | Reached skill level 3 in Maces & Flails
   255 | D:2      | Reached XP level 3. HP: 14/19 MP: 2/4
   713 | D:3      | Reached XP level 4. HP: 21/23 MP: 5/5
   792 | D:3      | Reached skill level 4 in Maces & Flails
   909 | D:3      | Noticed Terence
   935 | D:3      | Killed Terence
   935 | D:3      | Reached XP level 5. HP: 10/27 MP: 1/6
  1007 | D:4      | Noticed a black bear
  1018 | D:4      | Killed a black bear
  1018 | D:4      | Reached skill level 5 in Maces & Flails
  1057 | D:4      | Found a staircase to the Ecumenical Temple.
  1073 | D:4      | Gained mutation: You heal very quickly. [Vine Stalker growth]
  1073 | D:4      | Reached XP level 6. HP: 23/32 MP: 7/7
  1075 | Temple   | Entered the Ecumenical Temple
  1194 | Temple   | Became a worshipper of Cheibriados the Contemplative
  2507 | D:1      | Reached * piety under Cheibriados
  2896 | D:2      | Reached skill level 6 in Maces & Flails
  3092 | D:3      | Reached ** piety under Cheibriados
  3169 | D:3      | Found a faded altar to an unknown god.
  3785 | D:4      | Reached XP level 7. HP: 27/35 MP: 6/8
  3850 | D:4      | Reached skill level 3 in Fighting
  3884 | D:4      | Noticed Grinder
  3913 | D:4      | Killed Grinder
  3913 | D:4      | Reached skill level 3 in Armour
  3913 | D:4      | Reached skill level 1 in Dodging
  3965 | D:4      | Found Ixat's Antique Weapon Shoppe.
  4064 | D:4      | Reached skill level 7 in Maces & Flails
  4071 | D:4      | Reached *** piety under Cheibriados
  4071 | D:4      | Gained mutation: You have razor-sharp teeth. [Vine Stalker growth]
  4071 | D:4      | Reached XP level 8. HP: 35/41 MP: 7/9
  4144 | D:5      | Entered Level 5 of the Dungeon
  4209 | D:5      | Reached skill level 2 in Dodging
  4357 | D:5      | Reached skill level 4 in Fighting
  4741 | D:5      | Found a burning altar of Makhleb.
  4741 | D:5      | Found a shimmering altar of Xom.
  4780 | D:6      | Reached skill level 4 in Armour
  4812 | D:6      | Reached skill level 8 in Maces & Flails
  4918 | D:6      | Reached **** piety under Cheibriados
  4944 | D:6      | Reached XP level 9. HP: 37/46 MP: 10/10
  5300 | D:6      | Reached skill level 5 in Fighting
  5618 | D:7      | Reached skill level 9 in Maces & Flails
  5618 | D:7      | Reached skill level 5 in Armour
  5668 | D:7      | Found a shattered altar of Ashenzari.
  5818 | D:7      | Reached ***** piety under Cheibriados
  5993 | D:7      | Found an opulent altar of Gozag.
  6007 | D:7      | Found an ancient bone altar of Kikubaaqudgha.
  6084 | D:7      | Found Sauma's Weapon Emporium.
  6129 | D:7      | Found a bloodstained altar of Trog.
  6203 | D:8      | Noticed a troll
  6213 | D:7      | Found a basalt altar of Yredelemnul.
  6213 | D:7      | Found an oddly glowing altar of Pakellas.
  6214 | D:7      | Reached XP level 10. HP: 41/53 MP: 11/11
  6216 | D:7      | Reached skill level 6 in Fighting
  6268 | D:7      | Reached skill level 10 in Maces & Flails
  6321 | D:8      | Found a sacrificial altar of Ru.
  6453 | D:8      | Reached skill level 1 in Invocations
  6529 | D:9      | Found a flagged portal.
  6538 | Bailey   | Entered a bailey
  6555 | Bailey   | Reached skill level 2 in Invocations
  6652 | Bailey   | Reached ****** piety under Cheibriados
  6763 | Bailey   | Reached skill level 3 in Invocations
  7046 | Bailey   | Reached skill level 4 in Invocations
  7126 | Bailey   | Reached skill level 11 in Maces & Flails
  7186 | Bailey   | Got a pitted executioner's axe
  7189 | Bailey   | Identified the +5 executioner's axe "Zyan" {chop, *Noise rPois rF+} (You found it in a bailey)
  7637 | D:9      | Found a blossoming altar of Fedhas.
  7695 | D:9      | Reached skill level 5 in Invocations
  8081 | D:9      | Reached XP level 11. HP: 56/56 MP: 15/15
  8087 | D:10     | Entered Level 10 of the Dungeon
  8103 | D:10     | Noticed a hill giant
  8112 | D:10     | Killed a hill giant
  8129 | D:10     | Found an oddly glowing altar of Pakellas.
  8216 | D:10     | Reached skill level 6 in Invocations
  8430 | D:10     | Killed an unseen horror
  8609 | D:10     | Noticed a hill giant
  8615 | D:10     | Killed a hill giant
  8615 | D:10     | Reached skill level 7 in Invocations
  8646 | D:10     | Reached skill level 12 in Maces & Flails
  8671 | D:10     | Found Qanext's Assorted Antiques.
  8693 | D:10     | Bought a scroll labeled AFIRCHYCV EPPE for 36 gold pieces
  8693 | D:10     | Bought a scroll of identify for 72 gold pieces
  8693 | D:10     | Bought a scroll of identify for 72 gold pieces
  8693 | D:10     | Bought a scroll labeled JAIBIM WYHY for 36 gold pieces
  8693 | D:10     | Bought a fuming orange potion for 32 gold pieces
  8693 | D:10     | Bought a sapphire potion for 32 gold pieces
  9125 | D:10     | Reached skill level 8 in Invocations
  9470 | D:8      | Reached skill level 6 in Armour
  9535 | D:8      | Found a staircase to the Lair.
  9765 | Lair:1   | Entered Level 1 of the Lair of Beasts
  9865 | Lair:1   | Noticed Fannar
  9880 | Lair:1   | Killed Fannar
  9880 | Lair:1   | Reached skill level 3 in Dodging
 10001 | Lair:1   | Reached skill level 7 in Fighting
 10001 | Lair:1   | Gained mutation: You regenerate. [Vine Stalker growth]
 10001 | Lair:1   | Reached XP level 12. HP: 63/63 MP: 19/19
 10051 | Lair:1   | Reached skill level 4 in Dodging
 10234 | Lair:1   | Reached skill level 7 in Armour
 10290 | Lair:1   | Noticed Harold
 10299 | Lair:1   | Killed Harold
 10714 | Lair:2   | Found a labyrinth entrance.
 10743 | Lab      | Entered a labyrinth
 10762 | Lab      | Reached skill level 8 in Fighting
 10779 | Lab      | Reached skill level 5 in Dodging
 10986 | Lab      | Got an iridescent broad axe
 10988 | Lab      | Identified the +10 broad axe of Ynno {speed, *Rage rN+++ MR- Str+8} (You found it in a labyrinth)
 11307 | Lab      | Noticed a minotaur
 11314 | Lab      | Killed a minotaur
 11314 | Lab      | Reached skill level 8 in Armour
 11367 | Lab      | Identified Icutt's Reference Book on Destructive Snow (You found it in a labyrinth)
 11406 | Lair:2   | Reached skill level 6 in Dodging
 11444 | Lair:2   | Reached skill level 9 in Fighting
 11444 | Lair:2   | Reached XP level 13. HP: 55/70 MP: 20/20
 12070 | Lair:3   | Noticed Rupert
 12086 | Lair:3   | Killed Rupert
 13281 | Lair:4   | Reached skill level 3 in Shields
 13613 | Lair:4   | Reached skill level 4 in Shields
 13707 | Lair:4   | Reached skill level 13 in Maces & Flails
 14081 | Lair:5   | Reached skill level 5 in Shields
 14293 | Lair:5   | Found a staircase to the Snake Pit.
 14570 | Lair:5   | Reached skill level 6 in Shields
 14901 | Lair:6   | Found a frozen archway.
 14933 | IceCv    | Entered an ice cave
 14938 | IceCv    | Reached skill level 7 in Shields
 14938 | IceCv    | Reached XP level 14. HP: 70/75 MP: 19/21
 15101 | IceCv    | Reached skill level 8 in Shields
 15293 | IceCv    | Reached skill level 9 in Shields
 15368 | IceCv    | Got a steaming bronze ring
 15371 | IceCv    | Identified the ring of the Lizard {SustAt rC+} (You found it in an ice cave)
 15381 | IceCv    | Noticed a frost giant
 15408 | IceCv    | Killed a frost giant
 15408 | IceCv    | Reached skill level 14 in Maces & Flails
 15803 | Lair:6   | Reached skill level 10 in Shields
 15904 | Lair:6   | Found a staircase to the Shoals.
 16599 | Lair:6   | Reached skill level 11 in Shields
 17338 | Lair:7   | Reached XP level 15. HP: 40/79 MP: 17/22
 17604 | Lair:7   | Reached skill level 12 in Shields
 17657 | Lair:8   | Entered Level 8 of the Lair of Beasts
 17666 | Lair:8   | Reached skill level 15 in Maces & Flails
 17821 | Lair:8   | Found a runed door.
 18166 | Lair:8   | Found a staircase to the Slime Pits.
 18377 | Lair:8   | Noticed Nessos
 18381 | Lair:8   | Killed Nessos
 18746 | Lair:8   | Reached skill level 16 in Maces & Flails
 18805 | Lair:8   | Identified the Papyrus of the Snowflakes and Conjuration (You found it on level 8 of the Lair of Beasts)
 18924 | Lair:8   | Reached skill level 13 in Shields
 19744 | D:11     | Got a crude hat
 19755 | D:11     | Identified the +0 hat of Raevet {rElec rF+} (You acquired it on level 11 of the Dungeon)
 20325 | D:11     | Reached XP level 16. HP: 84/84 MP: 23/23
 21174 | D:12     | Found a staircase to the Orcish Mines.
 21360 | Orc:1    | Entered Level 1 of the Orcish Mines
 21360 | Orc:1    | Found a roughly hewn altar of Beogh.
 21374 | Orc:1    | Found a dark tunnel.
 21386 | Volcano  | Entered a volcano
 21396 | Volcano  | Reached skill level 14 in Shields
 21520 | Orc:1    | Found Ipal's Magic Scroll Shop.
 21607 | Orc:1    | Bought a scroll of identify for 24 gold pieces
 21607 | Orc:1    | Bought a scroll of identify for 24 gold pieces
 22234 | Orc:2    | Entered Level 2 of the Orcish Mines
 22359 | Orc:2    | Found a staircase to the Elven Halls.
 22366 | Orc:1    | Found Gosakej's Weapon Shoppe.
 22385 | Orc:2    | Reached skill level 15 in Shields
 22926 | Orc:2    | Found Gummaur's Book Emporium.
 22926 | Orc:2    | Found Baumuet's Distillery.
 22931 | Orc:2    | Found Vepebb's Assorted Antiques.
 22931 | Orc:2    | Found Tacsel's Book Shop.
 23244 | Orc:2    | Bought a faintly glowing jade ring for 170 gold pieces
 23247 | Orc:2    | Identified the ring "Tabaus" {Fire rPois Dex+4} (You bought it in a shop on level 2 of the Orcish Mines)
 23252 | Orc:2    | Bought a scroll of fog for 68 gold pieces
 23261 | Orc:2    | Bought 2 potions of curing for 96 gold pieces
 23261 | Orc:2    | Bought a potion of might for 64 gold pieces
 23261 | Orc:2    | Bought a potion of agility for 64 gold pieces
 23261 | Orc:2    | Bought a potion of agility for 64 gold pieces
 23261 | Orc:2    | Bought a potion of resistance for 160 gold pieces
 23261 | Orc:2    | Bought a potion of resistance for 160 gold pieces
 23362 | Orc:1    | Reached skill level 7 in Dodging
 23387 | Orc:1    | Bought a scroll of fog for 24 gold pieces
 23387 | Orc:1    | Bought a scroll of teleportation for 36 gold pieces
 23387 | Orc:1    | Bought a scroll of silence for 90 gold pieces
 23455 | D:13     | Found Huiho's Magic Scroll Shop.
 23461 | D:13     | Bought a scroll of enchant weapon for 105 gold pieces
 23663 | D:13     | Noticed Azrael
 23666 | D:13     | Noticed a tengu reaver
 23667 | D:13     | Noticed a tengu reaver
 23667 | D:13     | Noticed a tengu reaver
 23681 | D:13     | Killed a tengu reaver
 23681 | D:13     | Reached skill level 9 in Armour
 23687 | D:13     | Killed Azrael
 23693 | D:13     | Killed a tengu reaver
 23693 | D:13     | Reached skill level 10 in Fighting
 23695 | D:13     | Slain by a tengu reaver

Vault maps used:
D:1:      erik_arrival_gehennom
D:2:      minmay_liquid_box
D:3:      ecumenical_altar_1, first_bread, minmay_goblin_outpost, uniq_terence
D:4:      minmay_temple_entry_junction, serial_shops, nicolae_shop_trees,
          uniq_grinder
D:5:      grunt_temple_overflow_champion_of_chaos
D:7:      lemuel_crystal_altar, nicolae_overflow_hidden_temple, serial_shops,
          shop, evilmike_ruin_ashenzari
D:8:      nicolae_ru_great_annihilating_truth, erik_lair_island
D:9:      enter_bailey_2, hangedman_tree_tricks, minmay_bad_closet
D:10:     serial_shops, nicolae_shop_window_shopping, special_room,
          grunt_pakellas_mercury
D:11:     lemuel_ogre_cave, minmay_misc_feat_square, minmay_lizard_king
D:12:     orc_0_dummy, amethyst_killhole
D:13:     cross_vault, serial_shops, shop_fountains, serial_park_tiny_pond,
          hangedman_weighted_door, kennysheep_generic_room_4, uniq_azrael
Temple:   circular_temple_12
Lair:1:   st_stairs_5, nicolae_quartered_pool_little, ice2_lemuel, uniq_fannar,
          uniq_harold
Lair:2:   lab_entry_generic, grunt_forest_large_clearings
Lair:3:   lemuel_fruit_tree, grunt_megastairs_3, uniq_rupert
Lair:5:   guppyfry_snake_entry_garden, serial_bayou_pond_e, st_stairs_4,
          nicolae_quartered_pool_super, beast_lair_carwin_11
Lair:6:   elwin_shoals_entry_rooms, portal_ice_cave_entry_imps,
          grunt_megastairs_1
Lair:7:   boulder_quad_collide
Lair:8:   wormcave, hangedman_lair_in_review, minmay_slime_entry_pillars,
          serial_bayou_lagoon_a, uniq_nessos
Orc:1:    serial_shops, shop_statue, nicolae_shop_waterfront, enter_volcano_1,
          basic_altar, minmay_orc_treasury
Orc:2:    grunt_orc_tribal_feast
Lab:      labyrinth_watery, nicolae_lab_very_dead_end, lab_statue,
          nicolae_lab_hexagon, lab_hedge, labyrinth_fake_exit,
          nicolae_lab_stuck, nicolae_lab_big_swirl, nicolae_lab_garden,
          nicolae_lab_plus, nicolae_lab_swirl, nicolae_lab_lava,
          labyrinth_skeletal_remains, nicolae_lab_arrow
Bailey:   bailey_polearm_flooded_kennysheep, bailey
IceCv:    ice_cave_caverns_02
Volcano:  volcano_aerie

Vanquished Creatures
  Rupert
  2 tengu reavers
  A frost giant
  3 orc warlords Nessos Azrael
  A minotaur
  An ettin Fannar Harold
  An ice dragon
  8 hydras
  A centaur warrior
  14 death yaks
  5 orc high priests
  6 unseen horrors
  3 hill giants
  2 lindwurms
  10 orc knights
  2 ugly things
  A griffon
  7 orc sorcerers
  A faun
  A siren
  4 molten gargoyles
  An ice statue
  A centaur zombie
  5 black mambas
  5 elephants
  18 spiny frogs
  7 torpor snails
  5 fire drakes
  4 komodo dragons
  A freezing wraith
  6 giant leeches
  18 polar bears Grinder
  A jumping spider (shapeshifter)
  A merfolk
  A two-headed ogre
  31 blink frogs
  7 trolls
  4 slime creatures
  3 boulder beetles
  4 trapdoor spiders
  4 shadows
  3 wyverns
  2 water elementals
  3 fire bats
  85 yaks
  3 hungry ghosts
  12 basilisks
  2 fire elementals
  8 hippogriffs
  7 wargs
  28 wolves
  A mottled dragon
  3 nagas
  9 porcupines
  17 water moccasins
  2 hell hounds
  13 ice beasts
  2 sky beasts
  57 orc warriors
  3 wasps
  A black bear
  A phantom
  An eye of draining
  21 ogres
  15 crocodiles
  20 centaurs
  6 big kobolds
  23 giant frogs
  An earth elemental
  2 gnoll sergeants
  A wyvern skeleton
  4 scorpions
  12 wights
  20 killer bees
  A troll skeleton
  4 electric eels
  3 giant frog zombies
  10 crimson imps
  3 lava snakes
  2 quasits
  A giant frog skeleton
  3 jellies
  30 orc wizards
  20 orc priests
  9 hounds
  4 centaur skeletons
  11 iguanas Terence
  13 worker ants
  9 sheep
  3 hound zombies
  2 hound skeletons
  21 adders
  12 gnolls
  43 river rats
  3 shadow imps
  16 white imps
  3 oozes
  2 adder skeletons
  20 worms
  10 giant geckos
  147 orcs
  A ball python
  7 bats
  5 giant cockroaches
  9 goblins
  14 hobgoblins
  7 jackals
  8 quokkas
  3 giant newts
  A jackal skeleton
  27 kobolds
  9 rats
  A fire vortex
  24 fungi
  17 plants
1134 creatures vanquished.
